[Event "87th Spanish Championship 2022"]
[Site "Linares"]
[Date "2022.08.16"]
[Round "7.34"]
[White "Yuste Valenzuela, Alejandro"]
[Black "Garcia Gimenez, Santiago"]
[Result "1-0"]
[ECO "C90"]
[WhiteElo "2022"]
[BlackElo "2193"]
[Annotator "TA"]
[PlyCount "121"]
[EventDate "2022.08.11"]
[EventType "swiss"]
[EventCountry "ESP"]
[SourceTitle "playchess.com"]
[Source "ChessBase"]
[SourceQuality "1"]
[TimeControl "5400+30"]

1. e4 e5 2. Nf3 Nc6 3. Bb5 a6 4. Ba4 Nf6 5. O-O Be7 6. Re1 b5 7. Bb3 d6 8. c3 O-O 9. d3 Na5 10. Bc2 c5 11. Nbd2 Re8 12. Nf1 Bf8 13. Ne3 g6 {[%emt 0:00:15] C90: Closed Ruy Lopez with 7...d6: Early deviations.} 14. a4 Bb7 15. h3 {[%emt 0:01:57] [#]} Qd7 $146 {[%emt 0:03:42] The position is equal.} ({Predecessor:} 15... Bg7 16. Bd2 Nc6 17. Bb3 h6 18. Nd5 Na5 19. Nxf6+ Qxf6 20. axb5 axb5 21. Bc2 c4 {1-0 (47) Cloutier,M (2100)-Rousseau,D (2093) Montreal 2015}) 16. Bd2 c4 17. axb5 axb5 18. dxc4 bxc4 19. Qe2 Rec8 (19... Nxe4 $2 20. Bxe4 Bxe4 21. Ng4 Bxf3 22. Nf6+ Kg7 23. Qxf3 $18 (23. Nxd7 Bxe2 24. Rxe2 Nb3 $17)) 20. Nh2 h5 {[%emt 0:01:28] Inhibits Nhg4.} (20... Bxe4 $2 21. Neg4 Nxg4 22. Nxg4 $18 (22. Bxe4 Nxh2 23. Bxa8 Rxa8 $16)) (20... Nxe4 21. Bxe4 Bxe4 22. Neg4 $16) 21. f3 d5 22. exd5 Nxd5 23. Nxd5 Qxd5 24. Kh1 Bg7 25. Be3 Qe6 26. Be4 Bxe4 27. fxe4 Qc6 28. Qf3 Nb3 (28... Nb7 $1 $15 29. Nf1 Nd6) 29. Rxa8 Rxa8 30. Rf1 Qb7 31. g4 hxg4 32. Nxg4 Rd8 (32... Ra6 $11) 33. Nf6+ $1 $16 Kh8 $2 (33... Kf8 $16) 34. Bg5 $2 (34. Qf2 {mates} Bxf6 35. Qxf6+ Kh7 36. Qh4+ Kg8 37. Qxd8+ Kh7 38. Qf8 Qxe4+ 39. Kh2) 34... Rd6 $1 $14 (34... Nd2 35. Qg4 $1 Bxf6 36. Qh4+ Kg8 37. Bxf6 Qxe4+ 38. Qxe4 Nxe4 39. Bxd8 $18) 35. Qg4 {[%emt 0:08:52] Qh4+ would kill now.} Rxf6 (35... Bxf6 $11 {keeps the balance.} 36. Qh4+ (36. Bxf6+ Rxf6 37. Qh4+ Kg8 $14) (36. Rxf6 Rd3 $11) 36... Kg8 37. Bxf6 Rxf6 38. Rxf6 (38. Qxf6 Qxe4+ 39. Kg1 Qd5 $14) 38... Nc5) 36. Qh4+ ({Don't play} 36. Bxf6 $6 Bxf6 37. Rxf6 Nc5 $11) (36. Rxf6 $16 {aiming for Rd6.} Nc5 37. Rd6) 36... Kg8 $11 37. Rxf6 $40 {[%emt 0:00:16][%mdl 128] And now Rd6 would win. White is up to no good.} Nc5 38. Rd6 {[%emt 0:00:17] Intending Rd8+ and mate.} Qxe4+ $2 (38... Ne6 $1 $11 {and Black has nothing to worry.}) 39. Qxe4 $18 {[%emt 0:00:17] Chess con chili.} Nxe4 $11 {[%emt 0:00:06][%mdl 4096] Endgame KRB-KBN} 40. Rd8+ Kh7 41. Be3 f5 42. Kg2 {[%emt 0:00:25] Rc8 is the strong threat.} f4 43. Bb6 g5 44. Kf3 Nf6 45. Bc7 e4+ {[%emt 0:00:12] [#]} 46. Kf2 $1 {[%emt 0:00:16] White is more active.} Kg6 47. Be5 {[%emt 0:00:37] Strongly threatening Bxf6.} Kf5 (47... g4 $16 {is tougher.}) 48. Bxf6 $18 {[%emt 0:00:13] White is clearly winning.} Bxf6 {[%emt 0:00:05] [#] KR-KB} 49. Rd5+ $1 Be5 (49... Ke6 $142 50. Rc5 Bd8 51. Rxc4 Bb6+ 52. Kf1 Kf5) 50. Rc5 f3 51. Ke3 Kf6 52. Rxc4 Bf4+ 53. Kf2 Kf5 54. Rc5+ Ke6 55. b4 {[%emt 0:02:14][%cal Bb2b4,Bb4b5][%mdl 32] Hoping for b5.} Kd6 56. c4 Be5 57. Rd5+ Ke6 58. Ke3 Bc3 59. b5 Ba5 60. Kxe4 f2 61. Rf5 {[%emt 0:00:17] Weighted Error Value: White=0.27 (precise) /Black=0.59} 1-0

[Event "87th Spanish Championship 2022"]
[Site "Linares"]
[Date "2022.08.16"]
[Round "7.35"]
[White "Saenz Narciso, Miguel Angel"]
[Black "Romero Nieto, Hugo"]
[Result "1-0"]
[ECO "B07"]
[WhiteElo "2222"]
[BlackElo "1712"]
[Annotator "TA"]
[PlyCount "95"]
[EventDate "2022.08.11"]
[EventType "swiss"]
[EventCountry "ESP"]
[SourceTitle "playchess.com"]
[Source "ChessBase"]
[SourceQuality "1"]
[TimeControl "5400+30"]

1. d4 Nf6 2. Nc3 d6 3. e4 g6 4. Be2 Bg7 5. g4 h5 (5... d5 $5 ) 6. gxh5 {[%emt 0:04:20] B07: Pirc Defence: Miscellaneous Systems.} Nxh5 7. Be3 c6 8. Qd2 {[%emt 0:06:38] The position is equal.} Qa5 9. O-O-O {[%emt 0:01:51] [#]} b5 $146 ({Predecessor:} 9... Nd7 10. Kb1 b5 11. Bd3 b4 12. Nce2 c5 13. Bc4 Nb6 14. Bd5 Nxd5 15. exd5 c4 16. Ng3 Nxg3 17. fxg3 Bb7 18. Qe2 Qxd5 {0-1 (18) Weber,R-Nilsen,K Bamberg 1973}) 10. a3 a6 11. f4 {[%emt 0:04:01] [#]} Ng3 $1 12. hxg3 Rxh1 13. e5 d5 14. Kb1 Ra7 15. Rf1 (15. g4 $11) 15... Rb7 $15 16. g4 e6 {[%emt 0:02:30] Prevents f5.} (16... Nd7 $1 $11) 17. Bd3 (17. Ne4 $5 Qxd2 18. Nd6+ Kd7 19. Bxd2 $14) 17... c5 {[%emt 0:08:45] [#]} 18. Ne4 $1 Qxd2 19. Nd6+ Kd7 20. Bxd2 Rh2 $2 (20... cxd4 $11 {and Black is okay.} 21. Nxf7 Nc6) 21. Nf3 $18 Rg2 22. dxc5 {[%emt 0:06:00] Rh1 is the strong threat.} (22. Nxb7 Bxb7 23. Rh1 (23. dxc5 Rxg4 24. Ng5 Ke8 $11) 23... Ke8 $14) 22... Rc7 23. b4 ({Don't play} 23. Nxf7 Rxg4 24. Rh1 Ke7 $18) 23... Rxg4 24. Nxf7 {[%emt 0:05:16] Pair of Knights!} Nc6 25. Rh1 {[%emt 0:01:26][%mdl 1024] White has strong compensation.} Ke8 26. Nd6+ Kf8 27. Ng5 Ne7 $2 (27... Rg2) 28. Rh7 $2 (28. Nh7+ Kg8 29. Ne8) 28... Bd7 {[%emt 0:01:41] [#]} 29. Rxg7 $1 {[%emt 0:04:41][%mdl 512] Rf7+ would kill now. The board is on fire.} Kxg7 {[%emt 0:01:21] [#]} (29... Rg1+ 30. Bc1) 30. Nxe6+ $1 Bxe6 $11 31. Ne8+ Kf7 32. Nxc7 Bc8 {[%emt 0:01:03] [#]} (32... d4 $11) 33. a4 {[%emt 0:00:13] White is more active.} (33. e6+ $1 $16 Bxe6 34. Nxa6) 33... bxa4 34. Nxa6 $2 {[%emt 0:01:27] [#]} (34. Kb2 $11) 34... Rg2 $2 ({Better is} 34... Rg1+ $1 $19 35. Bc1 Bxa6 36. Bxa6 a3) 35. Bc3 $16 Rf2 (35... g5 $16) 36. b5 $18 Rxf4 37. Nb4 ({White should play} 37. Nc7 $18) 37... Be6 $2 (37... g5 $16) 38. b6 {[%emt 0:00:55] Hoping for b7.} Rh4 $2 (38... Bc8 39. Bb5 Bb7) 39. b7 {[%emt 0:02:30] White is clearly winning.} a3 40. b8=Q {[%emt 0:03:03] And now Bb5 would win.} Rh1+ 41. Ka2 {[%emt 0:00:04] aiming for Qc7.} d4+ 42. Kxa3 dxc3 43. Ka4 Ra1+ 44. Kb5 Bd7+ 45. Kc4 {[%emt 0:00:39] Threatens to win with Qh8.} Ra3 46. c6 Be6+ 47. Kd4 {[%emt 0:00:10] Black must now prevent Qh8.} Ra4 48. Be4 {[%emt 0:01:35] Weighted Error Value: White=0.51/Black=0.66} 1-0

[Event "87th Spanish Championship 2022"]
[Site "Linares"]
[Date "2022.08.16"]
[Round "7.36"]
[White "Donate Moreno, Silvia"]
[Black "Bermudez Ureba, Juan Diego"]
[Result "1/2-1/2"]
[ECO "B56"]
[WhiteElo "1962"]
[BlackElo "2198"]
[Annotator "TA"]
[PlyCount "84"]
[EventDate "2022.08.11"]
[EventType "swiss"]
[EventCountry "ESP"]
[SourceTitle "playchess.com"]
[Source "ChessBase"]
[SourceQuality "1"]
[TimeControl "5400+30"]

1. e4 c5 2. Nf3 d6 3. d4 cxd4 4. Nxd4 Nf6 5. Nc3 Nc6 6. Be3 Ng4 7. Bg5 h6 8. Bh4 g5 9. Bg3 Bg7 10. Nxc6 bxc6 11. Be2 {[%emt 0:02:00] B56: Classical Sicilian: Unusual Lines.} Bxc3+ (11... h5 $15 12. O-O Rb8 13. Bxg4 hxg4) 12. bxc3 $11 Qa5 13. Qd4 {[%emt 0:04:44] The position is equal.} (13. Bxg4 $2 Qxc3+ 14. Kf1 Bxg4 $17) 13... e5 14. Qb4 {[%emt 0:00:31] [#]} Qc7 $146 (14... Qxb4 $11 15. cxb4 Nf6) ({Predecessor:} 14... Qxb4 15. cxb4 Nf6 16. f3 Nh5 17. Bf2 Nf4 18. g3 Nxe2 19. Kxe2 Be6 20. Rhd1 Ke7 {1-0 (61) Navarrete Delgado,S (2210)-Staessens,G Vlissingen 2006}) 15. Rd1 (15. h4 $1 $14) 15... c5 16. Qa4+ (16. Qa3 $5 ) 16... Ke7 17. O-O Rb8 18. Rb1 Bd7 19. Qa3 a5 20. Bxg4 Bxg4 21. f3 Be6 22. Qa4 (22. h4 $15) 22... Rb7 23. Rxb7 Qxb7 24. Rd1 Rb8 25. Qa3 ({Avoid the trap} 25. Qxa5 $2 Ra8 26. Qxa8 Qxa8 $19) (25. c4 $17) 25... Qb5 26. Qc1 f6 27. Qd2 Rb6 28. h4 Qe8 $2 (28... Bxa2 $19 {Strongly threatening ...a4.} 29. Qc1 Qb1 30. hxg5 hxg5) 29. hxg5 hxg5 30. c4 Qa8 (30... Qa4 $142 31. Bf2 Qb4) 31. Bf2 $17 a4 ({Much weaker is} 31... Bxc4 32. Bxc5 $1 Rc6 33. Bxd6+ Kf7 34. Bc5 $11) 32. a3 Qe8 ({But not} 32... Bxc4 {[#]} 33. Bxc5 $1 Rc6 34. Bxd6+ Kf7 35. Bb4 $14) 33. Qa5 Qc6 34. Qc3 Kd7 (34... Qb7 $15) 35. Be3 (35. Qa5 $5 Ke7 36. g4 $15) 35... Rb8 36. Qa5 {[%emt 0:03:01] Black must now prevent Bxc5.} Ke7 37. Qc3 Rb7 ({Black should play} 37... g4 $17) 38. Kf2 $11 Rb8 39. Rh1 Qa6 40. Rh7+ Bf7 41. g3 (41. g4 $11) 41... Rg8 (41... Qa8 $1 $15) 42. Bd2 Rb8 {[%emt 0:01:45] Whites escaped into a draw.  Weighted Error Value: White=0.25 (precise) /Black=0.30} 1/2-1/2

[Event "87th Spanish Championship 2022"]
[Site "Linares"]
[Date "2022.08.17"]
[Round "8.1"]
[White "Yuffa, Daniil"]
[Black "Iturrizaga Bonelli, Eduardo"]
[Result "1/2-1/2"]
[ECO "E11"]
[WhiteElo "2603"]
[BlackElo "2619"]
[Annotator "TA"]
[PlyCount "180"]
[EventDate "2022.08.11"]
[EventType "swiss"]
[EventCountry "ESP"]
[SourceTitle "playchess.com"]
[Source "ChessBase"]
[SourceQuality "1"]
[TimeControl "5400+30"]

1. d4 Nf6 2. c4 e6 3. Nf3 Bb4+ 4. Bd2 Bxd2+ 5. Qxd2 b6 6. g3 Bb7 7. Bg2 O-O 8. O-O d6 9. Rd1 {[%emt 0:06:56] E16: Queen's Indian: 4 g3 Bb7 5 Bg2 Bb4+.} Nbd7 10. Qc2 Be4 11. Qc1 {[%emt 0:00:12] White is slightly better.} Bb7 {[%emt 0:00:06] [#]} 12. Nc3 $146 ({Predecessor:} 12. Ne1 Qc8 13. Nc3 Bxg2 14. Nxg2 Qb7 15. f3 a6 16. e4 b5 17. Ne3 bxc4 18. Nxc4 {0-1 (66) Dzagnidze,N (2529)-Tan,Z (2504) Huaian 2016}) 12... Ne4 13. Nxe4 Bxe4 14. Qf4 Nf6 15. Ne1 Bxg2 16. Nxg2 Qe7 17. Ne3 Rfe8 18. Qf3 g6 19. Qc6 h5 20. h3 Kg7 21. b4 a5 22. b5 Qd7 23. Qxd7 Nxd7 24. Ng2 e5 25. Ne3 Rac8 26. Kf1 Nf6 27. Rac1 exd4 28. Nd5 Ne4 29. Rxd4 f5 30. e3 Nc5 31. Ke2 Ne6 32. Rdd1 Ng5 (32... Rh8 $11) 33. Rh1 {[%emt 0:00:22] White is more active.} (33. g4 $1 $14) 33... Ne4 34. Rhg1 (34. g4 $5) 34... Nf6 {[%emt 0:00:22] Against g4} 35. Rgd1 Re4 36. f3 Re5 37. Kf2 Kf7 38. Rd4 Kg7 39. Rg1 Kf7 40. Re1 Kg7 41. e4 fxe4 42. f4 Ree8 (42... Re6 {looks sharper.} 43. Ke3 c6 44. bxc6 Rxc6 45. Red1 Kf7) 43. Nxf6 Kxf6 $14 {[%emt 0:00:05][%mdl 4096] Endgame KRR-KRR} 44. Ke3 Re6 45. Red1 {[%emt 0:00:31][%mdl 1024] White has compensation.} Rce8 46. Rd5 R6e7 47. Rg5 Re6 48. Rf1 Kg7 49. f5 Rf6 50. Rxg6+ Rxg6 51. fxg6 Kxg6 $11 {[%emt 0:00:10] KR-KR} 52. Rf4 Re5 53. Rxe4 Rc5 54. Kd4 Kf6 55. a4 Rg5 56. Re3 Kf7 57. Ke4 Rc5 58. Kd3 d5 59. Rf3+ Ke6 60. Rf4 dxc4+ 61. Rxc4 Rg5 62. g4 hxg4 63. hxg4 Kd5 64. Rd4+ Kc5 65. Rc4+ Kd5 66. Rd4+ Kc5 67. Ke3 c6 68. bxc6 Kxc6 69. Kf4 Rc5 $2 (69... Rg7 $11) 70. g5 $18 {[%emt 0:00:21] Hoping for g6.} b5 71. g6 Rc1 72. Kg5 $2 ({Stronger than} 72. axb5+ Kxb5 73. g7 Rc8 $11) (72. Rd3 $1 $18 {White threatens g7 and mate.} Rf1+ 73. Rf3) 72... Rg1+ $2 (72... Kc5 $11 73. Rg4 Rd1) 73. Rg4 Rd1 {[%emt 0:00:05] [#]} 74. g7 $1 ({Weaker is} 74. axb5+ Kxb5 75. g7 Rd8 $11) 74... Rd8 {[%emt 0:00:20] [#]} 75. Kf6 $2 ({White must play} 75. Kf4 $1 $18 Rg8 76. Rg6+ Kc5 77. Rg5+ Kc6 78. axb5+ Kd6 79. Rg6+ Ke7 80. Kf5) 75... bxa4 $11 {[%emt 0:02:07] The position is equal.} 76. g8=Q Rxg8 77. Rxg8 {[%emt 0:00:05] KR-KPP} Kc5 78. Rg4 a3 79. Ra4 Kb5 80. Rxa3 {[%emt 0:00:02] KR-KP} Kb4 81. Ra1 a4 82. Ke5 {[%emt 0:00:03] Threatening mate with Kd4.} a3 83. Kd4 Kb3 84. Rb1+ Kc2 $1 (84... Ka2 {gets mated.} 85. Rb4 Ka1 86. Kc3 Ka2 87. Rb3 Ka1 88. Rxa3+ Kb1 89. Ra8 Kc1 90. Ra1#) 85. Rh1 a2 86. Kc4 {[%emt 0:00:07] Intending Rh2+ and mate.} Kb2 87. Rh2+ Ka3 $1 88. Rh3+ Kb2 89. Rh2+ Ka3 $1 90. Rxa2+ Kxa2 {[%emt 0:00:04] White really could win this.  Weighted Error Value: White=0.08 (flawless) /Black=0.07 (flawless)} 1/2-1/2

[Event "87th Spanish Championship 2022"]
[Site "Linares"]
[Date "2022.08.17"]
[Round "8.2"]
[White "Moreno Ruiz, Javier"]
[Black "Gines Esteo, Pedro Antonio"]
[Result "1/2-1/2"]
[ECO "B10"]
[WhiteElo "2428"]
[BlackElo "2455"]
[Annotator "TA"]
[PlyCount "94"]
[EventDate "2022.08.11"]
[EventType "swiss"]
[EventCountry "ESP"]
[SourceTitle "playchess.com"]
[Source "ChessBase"]
[SourceQuality "1"]
[TimeControl "5400+30"]

1. e4 c6 2. c4 e5 3. Nf3 d6 4. d4 Nd7 5. Nc3 Ngf6 6. Be2 Be7 7. O-O O-O 8. Qc2 a6 9. Rd1 Qc7 10. Rb1 {[%emt 0:05:00] has lost popularity (10.h3).} Re8 11. b4 exd4 {[%emt 0:16:00] A55: Old Indian Defence with Nf3 and e4.} 12. Nxd4 Bf8 {[%emt 0:02:49] [#]} 13. Bf4 $146 {[%emt 0:01:14] White is more active.} ({Predecessor:} 13. a3 Ne5 14. Bg5 Nfd7 15. Rbc1 Ng6 16. f3 h6 17. Be3 Nf6 18. Bf1 a5 19. b5 {0-1 (30) Driessens,P (2311)-Sanduleac,V (2423) Rhodes 2013}) 13... Ne5 {[%emt 0:01:38] White is slightly better.} 14. Bg3 b5 15. cxb5 cxb5 16. Bh4 Ned7 17. Rbc1 Bb7 $1 18. Qb3 {[%emt 0:02:23][%cal Oc3b5] [#] Threatens to win with Ncxb5!} Rac8 19. f3 Qb8 20. Bf1 Qa8 (20... d5 $11 {keeps the balance.}) 21. Nf5 (21. a4 $16) 21... d5 $1 $11 22. Nxd5 Bxd5 23. exd5 Rxc1 24. Rxc1 Qxd5 25. Qxd5 Nxd5 26. a3 g6 27. Nd4 Re3 28. Rd1 {[%emt 0:02:30] aiming for Nc2.} N7b6 {[%emt 0:01:07] Pair of Knights!} 29. Rd3 Bg7 {[%emt 0:03:45] [#] And now ...Rxd3 would win.} 30. Nc2 Rxd3 31. Bxd3 Bb2 32. Bf2 f5 33. Bxb6 Nxb6 {[%emt 0:00:06][%mdl 4096] Endgame KBN-KBN} 34. g4 fxg4 35. fxg4 Nc4 ({Black should play} 35... Kf7 $11) 36. a4 (36. Bxc4+ $5 bxc4 37. Kf2 $11) 36... Kf7 {[%emt 0:01:19] The position is equal.} 37. axb5 axb5 38. Be4 Kf6 39. Bc6 Nd6 40. Kg2 Kg5 41. h3 Kf4 42. Kh2 Bc3 43. Kg2 Be5 44. Na3 Nc4 45. Nc2 Nd6 46. Na3 Nc4 47. Nc2 Nd6 {[%emt 0:00:34] Weighted Error Value: White=0.10 (very precise) /Black=0.11 (very precise)} 1/2-1/2

[Event "87th Spanish Championship 2022"]
[Site "Linares"]
[Date "2022.08.17"]
[Round "8.3"]
[White "Santos Latasa, Jaime"]
[Black "Merario Alarcon, Andres"]
[Result "1/2-1/2"]
[ECO "D33"]
[WhiteElo "2675"]
[BlackElo "2418"]
[Annotator "TA"]
[PlyCount "60"]
[EventDate "2022.08.11"]
[EventType "swiss"]
[EventCountry "ESP"]
[SourceTitle "playchess.com"]
[Source "ChessBase"]
[SourceQuality "1"]
[TimeControl "5400+30"]

1. c4 e6 2. Nc3 d5 3. d4 c5 4. cxd5 exd5 5. Nf3 Nf6 6. g3 Nc6 7. a3 {[%emt 0:00:08] D33: Tarrasch Defence: 6 g3 sidelines.} cxd4 8. Nxd4 Bc5 9. Be3 Bb6 (9... Qb6 $2 10. Na4 Qa5+ 11. b4 Nxb4 12. axb4 Bxb4+ 13. Bd2 $18) 10. Na4 {[%emt 0:00:06] [#]} O-O $146 ({Predecessor:} 10... Bxd4 11. Bxd4 O-O 12. Bg2 Re8 13. Nc3 Ne4 14. Nxe4 dxe4 15. Bc3 Bg4 16. h3 Bh5 {½-½ (66) Khismatullin,D (2639)-Lorparizangeneh,S (2519) Moscow 2017}) 11. Nxb6 axb6 12. Nf3 Re8 13. Bg2 Bf5 (13... Rxe3 $5 14. fxe3 Qe7 $14) 14. O-O Be4 15. Rc1 h6 16. Bd4 b5 17. Bc3 {[%emt 0:04:31] A strong pair of Bishops.} Qd6 18. Nd4 Nxd4 19. Bxd4 Bxg2 20. Kxg2 Ne4 21. e3 Qd7 22. h3 Rac8 23. Qg4 f5 (23... Qxg4 $11 24. hxg4 Rc6) 24. Qg6 $14 {[%emt 0:04:52] aiming for Rxc8.} Qf7 25. Qb6 Qd7 26. Rfd1 {[%emt 0:02:23] The position is equal.} Kh7 27. h4 Re6 28. Qa5 Rec6 29. Rxc6 ({Much worse is} 29. Qxb5 Nxf2 $1 30. Qxc6 Rxc6 $17) 29... Rxc6 30. Bc3 ({Reject} 30. Qxb5 {[#]} Nxf2 $1 31. Rc1 Ne4 32. Rxc6 bxc6 $17) 30... Rc4 {[%emt 0:06:18] Weighted Error Value: White=0.09 (flawless) /Black=0.09 (flawless)} 1/2-1/2

[Event "87th Spanish Championship 2022"]
[Site "Linares"]
[Date "2022.08.17"]
[Round "8.4"]
[White "Perez Candelario, Manuel"]
[Black "Garcia Ramos, Daniel"]
[Result "1-0"]
[ECO "C67"]
[WhiteElo "2578"]
[BlackElo "2438"]
[Annotator "TA"]
[PlyCount "69"]
[EventDate "2022.08.11"]
[EventType "swiss"]
[EventCountry "ESP"]
[SourceTitle "playchess.com"]
[Source "ChessBase"]
[SourceQuality "1"]
[TimeControl "5400+30"]

1. e4 e5 2. Nf3 Nc6 3. Bb5 Nf6 4. O-O Nxe4 5. Re1 Nd6 6. a4 {[%emt 0:00:15] C67: Ruy Lopez: Berlin Defence: 4 0-0 Nxe4.} Be7 7. Nc3 {[%emt 0:00:54] Inhibits e4.} O-O 8. d4 {[%emt 0:07:04] The position is equal.} Nxb5 (8... exd4 {seems wilder.} 9. Nd5 Re8 10. Bf4 b6) 9. axb5 Nxd4 10. Nxd4 exd4 11. Nd5 ({Much worse is} 11. Qxd4 c6 $15) 11... Bf6 12. Qf3 d6 13. Nxf6+ Qxf6 14. Qxf6 gxf6 15. Bh6 Rd8 16. Re7 $36 {[%emt 0:32:25][%mdl 2048] [#] White has good play.} Bd7 $146 ({Predecessor:} 16... Bf5 17. Rxc7 Rac8 18. Rxc8 Rxc8 19. Rxa7 Bxc2 20. Rxb7 d3 21. b6 Ba4 22. f3 f5 {1-0 (68) Lampert,J (2500)-Levin,F (2528) Germany 2016}) 17. h4 {[%emt 0:01:02] Threatens to win with Ra3.} Bxb5 18. Rxc7 Rac8 (18... a6 $11 {keeps the balance.}) 19. Rxb7 $16 {[%emt 0:01:58] White now steadily converts the win.} Bc6 ({Black should try} 19... a6) 20. Rbxa7 {[%emt 0:02:13] White is more active.} Be4 21. R1a4 Rxc2 22. Rxd4 Bf5 23. Ra3 {[%emt 0:04:02] Hoping for Rg3+.} d5 $2 {[%emt 0:04:51] [#]} (23... Bg6 24. Rxd6 Re8) 24. Rg3+ $18 Bg6 25. h5 Rxb2 26. hxg6 hxg6 27. Bd2 Kg7 28. Rgd3 Rb1+ 29. Kh2 Rb5 30. g3 g5 31. Kg2 Kg6 32. Rb4 Rxb4 33. Bxb4 Kf5 34. Be7 Ra8 35. Rf3+ {[%emt 0:01:25] Weighted Error Value: White=0.06 (flawless) /Black=0.23 (precise)} ({Don't take} 35. Rxd5+ Ke6 $18) 1-0

[Event "87th Spanish Championship 2022"]
[Site "Linares"]
[Date "2022.08.17"]
[Round "8.5"]
[White "Lianes Garcia, Marcos"]
[Black "Cuenca Jimenez, Jose Fernando"]
[Result "1/2-1/2"]
[ECO "C47"]
[WhiteElo "2411"]
[BlackElo "2552"]
[Annotator "TA"]
[PlyCount "235"]
[EventDate "2022.08.11"]
[EventType "swiss"]
[EventCountry "ESP"]
[SourceTitle "playchess.com"]
[Source "ChessBase"]
[SourceQuality "1"]
[TimeControl "5400+30"]

1. e4 e5 2. Nf3 Nc6 3. Nc3 Nf6 4. d4 exd4 5. Nxd4 Bb4 6. Nxc6 bxc6 7. Bd3 d5 8. Bd2 O-O 9. O-O Bxc3 {[%emt 0:15:39] C47: Scotch Four Knights and Four Knights with 4 g3.} (9... Bd6 {is more complex.} 10. Bg5 h6 11. Bh4 Rb8) 10. Bxc3 Nxe4 {[%emt 0:00:45] 10...dxe4 might become the main line.} 11. Bxe4 dxe4 12. Qh5 Qd5 $132 {[%emt 0:19:29][%mdl 2048] Black is not holding back} 13. Qe5 Qxe5 14. Bxe5 {[%emt 0:00:50] [#]} Bg4 $146 ({Predecessor:} 14... Re8 15. Bxc7 Bf5 16. Bf4 e3 17. Bxe3 Bxc2 18. Rfc1 Be4 19. Rc4 Bd5 20. Ra4 a6 {½-½ (51) Mastrovasilis,D (2609)-Moroni,L (2565) Bastia 2021}) 15. h3 Bh5 16. g4 Bg6 17. Rad1 Rae8 18. Bxc7 f5 19. Rd7 fxg4 20. hxg4 Re6 21. Rfd1 e3 22. fxe3 Bxc2 23. R1d2 Bb1 24. Bd6 Rfe8 25. Bc5 Bxa2 26. R2d6 Rxd6 27. Rxd6 $15 {[%emt 0:00:06][%mdl 4096] Endgame KRB-KRB} Bd5 28. Bxa7 (28. Kh2 $11) 28... Re4 $1 29. Rd8+ Kf7 30. Rd7+ Kg6 31. Bd4 Rxg4+ 32. Kf1 Kh6 33. b4 g5 34. Bc5 Be4 35. Rd6+ Kh5 36. Bd4 Rh4 37. Bg7 (37. Re6 $17) 37... Rh1+ $19 38. Kf2 Kg4 39. Re6 Rh2+ 40. Kg1 Rh1+ 41. Kf2 Bf3 (41... Bd3 $19 42. e4 Rh3 43. Rxc6 h5) 42. e4 $17 {[%emt 0:01:29] [#]} h5 (42... Rb1 $1 $17 43. Bh6 Rxb4) 43. Bf6 $15 Rh2+ (43... h4 $17 {White must now prevent ...h3.} 44. Re5 h3 45. Rxg5+ Kf4) 44. Kf1 $2 (44. Ke3 $11) 44... Rh1+ $2 (44... h4 $19 45. Rxc6 h3) 45. Kf2 Rh2+ $2 (45... h4 $15 46. Re5 h3 47. Rxg5+ Kf4) 46. Kf1 $19 Rg2 $2 (46... h4 $19 47. Rxc6 h3) 47. Re5 $15 Kf4 {[%emt 0:00:26] Strongly threatening ...g4.} 48. Rf5+ Kxe4 49. Rxg5 Ra2 50. Rc5 Kf4 51. Kg1 (51. Ra5 $15 Rc2 52. Rc5 Rxc5 53. bxc5) 51... Rg2+ ({Black should play} 51... Bd5 $17 52. b5 Ra5) 52. Kf1 Rg6 53. Bh4 Re6 54. Kf2 (54. Bd8 $15) 54... Kg4 (54... Re2+ $17 55. Kf1 Rb2) 55. Bd8 Re2+ 56. Kf1 Rb2 57. Rc4+ Kf5 58. Kg1 Rg2+ 59. Kf1 Rd2 60. Rc5+ Ke4 (60... Ke6 $17 61. Rc3 Be4) 61. Bh4 $11 Rd1+ 62. Kf2 Rd2+ 63. Kf1 Rb2 64. Rxc6 Rxb4 65. Be7 Rb1+ 66. Kf2 {[%emt 0:00:05] The position is equal.} Rb2+ 67. Kg3 Rg2+ 68. Kh3 Rg7 69. Bd8 Rd7 70. Bf6 Kf5 71. Rb6 Rd3 72. Be7 Rd7 73. Rb5+ Ke6 74. Bg5 Rd3 {[%emt 0:00:12] [#] ( -> ...Bc6+)} 75. Ra5 Bd5+ 76. Kh4 Bf3 77. Ra6+ Kd5 78. Ra5+ Kc4 79. Ra4+ Kb5 80. Rf4 Bg4 81. Bf6 Kc6 82. Kg5 Kd5 83. Rb4 Rd1 84. Ra4 Be2 85. Kh4 Rh1+ 86. Kg3 Bg4 87. Bd8 Rh3+ 88. Kg2 Rd3 89. Bg5 Bf3+ 90. Kf2 Ke5 91. Be3 Bd5 92. Rh4 Bf7 93. Rb4 Ra3 94. Bg5 Rd3 95. Ra4 Bd5 96. Be3 Rb3 97. Rh4 Bf7 98. Ra4 Be6 99. Bg5 Kf5 100. Be3 Bd5 (100... h4 $5) 101. Rf4+ Kg6 102. Rd4 Be6 103. Ra4 Rb2+ 104. Kg3 Re2 105. Bf4 Bd5 106. Ra5 Bf7 107. Ra6+ Kf5 108. Ra5+ Kf6 109. Bg5+ Kg6 110. Bf4 Re1 111. Ra6+ Kf5 112. Ra5+ Kf6 113. Bg5+ Kg6 {[%emt 0:00:03] ...Rg1+ is the strong threat.} 114. Bd8 Rg1+ 115. Kh2 Rd1 116. Ra6+ Kg7 117. Bf6+ Kh7 118. Bg5 {Weighted Error Value: White=0.28 (precise) /Black=0.43} 1/2-1/2